 Dungeon Crawl Stone Soup version 0.19.0-2-gae57169 (webtiles) character file.

72638 Naow the Severer (level 15, -1/134 HPs)
             Began as a Formicid Fighter on Nov 6, 2016.
             Was the Champion of the Shining One.
             Slain by an orc warlord
             ... wielding a +2 vampiric long sword
              (6 damage)
             ... on level 2 of the Orcish Mines on Nov 7, 2016.
             The game lasted 00:47:49 (18975 turns).

Naow the Severer (Formicid Fighter)                Turns: 18975, Time: 00:47:51

Health: -1/134     AC: 21    Str: 27    XL:     15   Next: 87%
Magic:  20/20      EV: 10    Int:  8    God:    the Shining One [******]
Gold:   1555       SH:  0    Dex: 10    Spells: 0 memorised, 14 levels left

rFire  . . .     SeeInvis +     F - +8 frozen axe "Frostbite" {freezing cloud, *Noise +Fly rC+}
rCold  + . .     Gourm    +     u - +0 plate armour
rNeg   + + +     Faith    .     c - +1 shield
rPois  .         Spirit   .     (helmet unavailable)
rElec  .         Reflect  .     (no cloak)
rCorr  .         Harm     .     (no gloves)
MR     ++...                    y - +0 pair of boots
Stlth  ..........               I - amulet of the gourmand
                                M - +2 ring of evasion
                                Y - +4 ring of protection

@: confused, divine shield, glowing
A: permanent stasis, dig shafts and tunnels, four strong arms, antennae 3, low
mp 1, magic resistance 1, robust 1
a: Dig, Shaft Self, Divine Shield, Cleansing Flame, Summon Divine Warrior, Brand
Weapon With Holy Wrath, Renounce Religion, Evoke Flight


You were on level 2 of the Orcish Mines.
You worshipped the Shining One.
The Shining One was exalted by your worship.
You were completely stuffed.

You visited 3 branches of the dungeon, and saw 18 of its levels.
You also visited: Ossuary, Bailey and Ice Cave.

You collected 1555 gold pieces.

Inventory:

Hand Weapons
 k - a +4 flail
 F - the +8 frozen axe "Frostbite" (weapon) {freezing cloud, *Noise +Fly rC+}
   (You found it on level 6 of the Lair of Beasts)

   It has been specially enchanted to freeze those struck by it, causing extra
   injury to most foes and up to half again as much damage against particularly
   susceptible opponents.
   It can also slow down cold-blooded creatures.
   It protects you from cold.
   It lets you fly.
   It may make noises in combat.
 K - a +7 battleaxe of chopping
Missiles
 P - 45 tomahawks of returning (quivered)
Armour
 c - a +1 shield (worn)
 j - a +4 scale mail of magic resistance
 u - a +0 plate armour (worn)
 y - a +0 pair of boots (worn)
Jewellery
 b - a +2 ring of evasion
 s - an uncursed ring of resist corrosion
 x - an uncursed ring of flight
 H - an uncursed ring of poison resistance
 I - an amulet of the gourmand (around neck)
 J - an uncursed ring of protection from cold
 M - a +2 ring of evasion (right hand)
 Y - a +4 ring of protection (left hand)
Wands
 a - a wand of paralysis (11/24)
 d - a wand of digging (5/24)
 i - a wand of flame (27/48)
 r - a wand of digging (13/24)
 E - a wand of lightning (10/15)
 G - a wand of polymorph (24/24)
 O - a wand of lightning (9/15)
 U - a wand of lightning (4/15)
Scrolls
 g - 11 scrolls of identify
 h - 2 scrolls of recharging
 l - 3 scrolls of amnesia
 n - 5 scrolls of remove curse
 q - 2 scrolls of enchant armour
 B - 3 scrolls of fog
 L - 3 scrolls of silence
 Q - a scroll of summoning
 T - a scroll of magic mapping
Potions
 e - 3 potions of magic
 v - 2 potions of agility
 w - 8 potions of curing
 A - 5 potions of lignification
 D - 5 potions of brilliance
 V - a potion of might
 Z - a potion of flight
Books
 R - a Grand Grimoire

   Spells                             Type                      Level
   a - Monstrous Menagerie            Summoning                    7
   b - Summon Greater Demon           Summoning                    7
   c - Malign Gateway                 Summoning/Translocation      7
   d - Summon Horrible Things         Summoning                    8
Comestibles
 f - 7 bread rations
 m - 16 fruits
 o - 7 beef jerkies
 p - 9 meat rations
 z - 3 royal jellies
 C - 4 slices of pizza
 N - 27 chunks of flesh


   Skills:
 + Level 12.5 Fighting
 * Level 15.9 Axes
 + Level 12.7 Armour
 + Level 13.9 Shields
 + Level 10.0 Invocations


You had 14 spell levels left.
You didn't know any spells.

Dungeon Overview and Level Annotations

Branches:
Dungeon (12/15)              Lair (6/6) D:10         Shoals (0/4) Lair:4
  Snake (0/4) Lair:4        Slime (0/5) Lair:6          Orc (2/2) D:12
 Temple: D:4-7          Elf: Orc:2

Altars:
Cheibriados
Makhleb
Ru
Sif Muna
Vehumet
Xom
Yredelemnul
The Shining One
Jiyva

Shops:
D:4 }   D:8 *   D:9 :   D:10 :=%??

Annotations:
D:3 Grinder


Innate Abilities, Weirdness & Mutations

You are under a permanent stasis effect.
You can dig through walls and to a lower floor.
Your four strong arms can wield two-handed weapons with a shield.
You have a pair of large antennae on your head. (SInv)
Your magical capacity is low. (-10% MP)
You are resistant to hostile enchantments. (MR+)
You are robust. (+10% HP)


Message History

The orc wizard no longer looks unusually strong.
The orc warlord no longer looks unusually strong.
You block the orc wizard's attack.
The orc warlord is engulfed in freezing vapours.
The orc warlord roars a battlecry!
The orc wizard goes into a battle-frenzy!
The orc warlord blocks your attack.
The orc warlord is severely wounded.
You slash the orc wizard! You freeze the orc wizard.
The orc wizard casts a cantrip, but nothing happens.
The orc warlord hits you with a vampiric long sword!
* * * LOW HITPOINT WARNING * * *
You block the orc wizard's attack.
You are confused.
You feel invigorated.
The orc wizard points at you and mumbles some strange words.
The puff of flame hits you!
* * * LOW HITPOINT WARNING * * *
The orc warlord hits you with a vampiric long sword.
You die...

#.........# .........#
.........# .........
###########.....###########
........#...........#.#...#
.......................#..####
............)..)o).....#...#.##
......)........o@......#......#
)))))..))).....).............##
)))))..).#...................#
)#))##..)).))...............##
######...#)))................##
# ##.#.)))...........#.....## #
####.))..................# #
###...#...............#
###.#................##


You could see an orc warlord and an orc wizard.

Vanquished Creatures
  Rupert (Lair:4)
  Gastronok (Orc:1)
  A frost giant (IceCv)
  An orc warlord (Orc:1)
  A dire elephant (Lair:6)
  Harold (Lair:4)
  3 hydras
  A catoblepas (Lair:6)
  A deep troll shaman (Lair:6)
  6 death yaks
  The ghost of octopushugs the Fighter, a novice OgBe of Trog (D:8)
  4 orc high priests (Orc:2)
  A lindwurm (Lair:6)
  An unseen horror (D:10)
  2 hill giants
  6 orc knights
  A cyclops (Orc:1)
  A manticore (D:12)
  5 orc sorcerers
  6 elephants
  A siren (Lair:4)
  Joseph (D:10)
  The ghost of muxecoid the Covered, a novice DDAr of Makhleb (D:4)
  5 black mambas
  A torpor snail (Lair:5)
  8 spiny frogs
  A rime drake (IceCv)
  A kobold demonologist (D:12)
  3 komodo dragons
  2 merfolk
  4 trolls
  18 polar bears
  2 two-headed ogres
  A slime creature (Lair:1)
  6 dream sheep (Lair:5)
  12 blink frogs
  10 hippogriffs
  5 basilisks
  A spriggan (D:11)
  A wraith (D:11)
  A wyvern (D:8)
  64 yaks
  2 hungry ghosts
  7 wargs
  5 nagas (Lair:4)
  A soldier ant (D:12)
  10 water moccasins
  8 porcupines
  2 sky beasts
  34 orc warriors
  2 hell hounds (Lair:2)
  5 black bears
  2 ice beasts
  A necrophage (D:9)
  8 centaurs
  10 ogres
  30 wolves
  14 crocodiles
  4 big kobolds
  A wyvern zombie (D:9)
  11 bullfrogs
  4 scorpions
  5 killer bees (D:10)
  17 wights
  2 electric eels
  2 howler monkeys
  6 crimson imps
  2 bullfrog zombies
  9 jellies
  A gnoll shaman (D:10)
  4 hounds
  2 bullfrog skeletons (D:10)
  21 orc priests
  2 centaur skeletons
  25 orc wizards
  6 iguanas
  9 worker ants
  13 mummies
  A worker ant zombie (D:5)
  14 gnolls
  A howler monkey skeleton (D:11)
  8 adders
  A shadow imp (D:9)
  12 white imps (Lair:2)
  14 oozes
  2 adder skeletons (D:9)
  3 dart slugs
  6 leopard geckos
  78 orcs
  4 bats
  3 giant cockroaches
  21 goblins
  11 hobgoblins
  9 jackals
  2 quokkas (D:2)
  3 ball pythons
  5 frilled lizards
  2 gnoll skeletons (Ossuary)
  2 goblin skeletons (Ossuary)
  A goblin zombie (D:4)
  A hobgoblin zombie (D:4)
  2 jackal skeletons
  30 kobolds
  2 kobold skeletons (Ossuary)
  2 orc skeletons (Ossuary)
  A quokka skeleton (D:4)
  6 rats
  11 rat skeletons (Ossuary)
  11 fungi
  7 plants
757 creatures vanquished.

Vanquished Creatures (collateral kills)
  A worker ant (D:8)
1 creature vanquished.

Vanquished Creatures (others)
  An orc wizard (Orc:2)
  5 fungi
  A plant (Lair:3)
  4 toadstools (D:1)
11 creatures vanquished.

Grand Total: 769 creatures vanquished

Notes
Turn   | Place    | Note
-------+----------+-------------------------------------------
     0 | D:1      | Naow the Formicid Fighter began the quest for the Orb.
     0 | D:1      | Reached XP level 1. HP: 18/18 MP: 1/1
   140 | D:1      | Reached XP level 2. HP: 21/24 MP: 2/2
   612 | D:1      | Reached XP level 3. HP: 29/29 MP: 3/3
  1393 | D:2      | Found a sacrificial altar of Ru.
  1669 | D:2      | Reached XP level 4. HP: 35/35 MP: 4/4
  1725 | D:3      | Reached skill level 3 in Axes
  2040 | D:3      | Reached XP level 5. HP: 41/41 MP: 5/5
  2249 | D:3      | Noticed Grinder
  2628 | D:4      | Found a glowing golden altar of the Shining One.
  2633 | D:4      | Found a basalt altar of Yredelemnul.
  2635 | D:4      | Noticed a profane servitor
  2752 | D:4      | Found a sand-covered staircase.
  2855 | D:4      | Noticed an angel
  2862 | D:4      | Became a worshipper of the Shining One
  2908 | Ossuary  | Entered an ossuary
  2940 | Ossuary  | Reached XP level 6. HP: 48/48 MP: 6/6
  2965 | Ossuary  | Reached skill level 4 in Axes
  3127 | Ossuary  | Reached * piety under the Shining One
  3156 | Ossuary  | Reached skill level 5 in Shields
  3171 | Ossuary  | Reached ** piety under the Shining One
  3431 | D:4      | Found Fawkes's Gadget Shoppe.
  3434 | D:4      | Reached *** piety under the Shining One
  3464 | D:4      | Reached XP level 7. HP: 55/55 MP: 7/7
  3495 | D:4      | Found a shimmering altar of Xom.
  3495 | D:4      | Found a burning altar of Makhleb.
  3539 | D:4      | Noticed muxecoid's ghost (novice DDAr)
  3566 | D:4      | Killed muxecoid's ghost
  3566 | D:4      | Reached skill level 5 in Axes
  3566 | D:4      | Reached skill level 5 in Armour
  3566 | D:4      | Reached XP level 8. HP: 57/61 MP: 8/8
  3658 | D:4      | Reached skill level 5 in Fighting
  3926 | D:5      | Entered Level 5 of the Dungeon
  4091 | D:5      | Reached skill level 6 in Axes
  4380 | D:5      | You fall through a shaft for 3 floors!
  4387 | D:8      | Noticed octopushugs's ghost (novice OgBe)
  4418 | D:8      | Killed octopushugs's ghost
  4418 | D:8      | Reached skill level 7 in Axes
  4418 | D:8      | Reached XP level 9. HP: 43/71 MP: 9/9
  4592 | D:8      | Found Yleisybefa's Assorted Antiques.
  4606 | D:8      | Reached skill level 8 in Axes
  4709 | D:8      | Reached XP level 10. HP: 47/79 MP: 8/10
  5020 | D:8      | Found a deep blue altar of Sif Muna.
  5075 | D:8      | Reached skill level 9 in Axes
  5413 | D:9      | Found a flagged portal.
  5449 | Bailey   | Entered a bailey
  5603 | Bailey   | Noticed an orc knight
  5633 | Bailey   | Killed an orc knight
  6253 | D:9      | Reached skill level 10 in Axes
  6363 | D:9      | Found Fiubaicw's Book Emporium.
  6422 | D:9      | Reached XP level 11. HP: 87/87 MP: 11/11
  6468 | D:9      | Found a snail-covered altar of Cheibriados.
  6649 | D:9      | Reached **** piety under the Shining One
  6684 | D:10     | Entered Level 10 of the Dungeon
  6852 | D:10     | Noticed an unseen horror
  6859 | D:10     | Killed an unseen horror
  6878 | D:10     | Noticed Joseph
  6886 | D:10     | Killed Joseph
  7061 | D:10     | Found Dirin's Magic Scroll Emporium.
  7123 | D:10     | Noticed an elephant
  7140 | D:10     | Killed an elephant
  7143 | D:10     | Reached skill level 11 in Axes
  7151 | D:10     | Reached skill level 10 in Shields
  7482 | D:10     | Found Moqemy's Book Shop.
  7523 | D:10     | Found a staircase to the Lair.
  7525 | D:10     | Noticed a hill giant
  7535 | D:10     | Killed a hill giant
  7535 | D:10     | Reached skill level 1 in Invocations
  7899 | D:10     | Found Sych's Food Shoppe.
  8063 | D:10     | Found Yrcheir's Magic Scroll Emporium.
  8236 | D:10     | Found Jokatz's Jewellery Shoppe.
  8642 | D:11     | Reached XP level 12. HP: 96/96 MP: 13/13
  8976 | D:11     | Noticed a five-headed hydra
  8994 | D:11     | Killed a six-headed hydra
  9717 | D:12     | Found a labyrinth entrance.
  9752 | D:12     | Reached skill level 12 in Axes
  9897 | D:12     | Found a staircase to the Orcish Mines.
  9999 | D:12     | Reached ***** piety under the Shining One
 10000 | D:12     | Reached skill level 10 in Fighting
 10000 | D:12     | Reached skill level 10 in Armour
 10345 | D:12     | Noticed a skeletal warrior
 10345 | D:12     | Noticed a skeletal warrior
 10351 | D:12     | Noticed a skeletal warrior
 10352 | D:12     | Noticed a skeletal warrior
 10757 | Lair:1   | Entered Level 1 of the Lair of Beasts
 10978 | Lair:1   | Noticed an eight-headed hydra
 10993 | Lair:1   | Killed an eight-headed hydra
 11256 | Lair:1   | Noticed a five-headed hydra
 11271 | Lair:1   | Killed a five-headed hydra
 11308 | Lair:1   | Gained mutation: You are robust. (+10% HP) [potion of mutation]
 11308 | Lair:1   | Gained mutation: Your magical capacity is low. (-10% MP) [potion of mutation]
 11308 | Lair:1   | Gained mutation: You are resistant to hostile enchantments. (MR+) [potion of mutation]
 11506 | Lair:1   | Reached XP level 13. HP: 96/113 MP: 13/14
 11726 | Lair:1   | Reached skill level 5 in Invocations
 11967 | Lair:2   | Found a frozen archway.
 11985 | IceCv    | Entered an ice cave
 12000 | IceCv    | Reached skill level 13 in Axes
 12329 | IceCv    | Noticed a frost giant
 12350 | IceCv    | Killed a frost giant
 13916 | Lair:3   | Reached XP level 14. HP: 97/124 MP: 13/17
 13916 | Lair:3   | Reached skill level 14 in Axes
 14489 | Lair:4   | Found a staircase to the Snake Pit.
 14535 | Lair:4   | Noticed Rupert
 14551 | Lair:4   | Killed Rupert
 15081 | Lair:4   | Found a staircase to the Shoals.
 15281 | Lair:4   | Noticed Harold
 15294 | Lair:4   | Killed Harold
 16189 | Lair:6   | Entered Level 6 of the Lair of Beasts
 16221 | Lair:6   | Found a staircase to the Slime Pits.
 16222 | Lair:6   | Found a viscous altar of Jiyva.
 16421 | Lair:6   | Reached ****** piety under the Shining One
 17022 | Lair:6   | Reached skill level 15 in Axes
 17025 | Lair:6   | Reached XP level 15. HP: 124/132 MP: 19/19
 17924 | Orc:1    | Entered Level 1 of the Orcish Mines
 17938 | Orc:1    | Noticed an orc warlord
 17961 | Orc:1    | Killed an orc warlord
 18096 | Orc:1    | Noticed Gastronok
 18108 | Orc:1    | Killed Gastronok
 18182 | Orc:1    | Found a radiant altar of Vehumet.
 18414 | Orc:2    | Entered Level 2 of the Orcish Mines
 18812 | Orc:2    | Reached skill level 10 in Invocations
 18956 | Orc:2    | Noticed an orc warlord
 18975 | Orc:2    | HP: 5/134 [orc wizard/puff of flame (8)]
 18975 | Orc:2    | Slain by an orc warlord

Skill      XL: |  1  2  3  4  5  6  7  8  9 10 11 12 13 14 15 |
---------------+----------------------------------------------+-----
Shields        | 4 5 7 8 9 10 11 12 13 | 13.9
Axes           | 3 4 5 7 8 10 11 12 13 15 | 15.9
Armour         | 4 5 6 7 8 9 10 11 12 | 12.7
Fighting       | 4 6 7 8 9 10 11 12 | 12.5
Invocations    | 2 4 6 8 10 | 10.0

Action                   |  1- 3 |  4- 6 |  7- 9 | 10-12 | 13-15 || total
-------------------------+-------+-------+-------+-------+-------++-------
Melee: War axe           |   108 |   207 |   179 |    79 |       ||   573
       Battleaxe         |       |       |       |   522 |   423 ||   945
       Flail             |       |       |       |    20 |       ||    20
       Executioner's axe |       |       |       |       |   317 ||   317
Invok: Divine Shield     |       |       |     3 |    13 |    18 ||    34
 Abil: Dig               |       |       |       |       |     2 ||     2
Evoke: Wand              |       |       |       |     6 |       ||     6
  Use: Potion            |       |     1 |       |     3 |     7 ||    11
       Scroll            |       |       |    12 |    20 |     3 ||    35
  Eat: Chunk             |     3 |     3 |    15 |    43 |    27 ||    91
       Bread ration      |       |     1 |       |       |       ||     1
Armor: Scale mail        |    44 |       |       |       |       ||    44
       Plate armour      |    10 |    67 |    63 |   275 |   255 ||   670
Dodge: Dodged            |    30 |    32 |    35 |   195 |   192 ||   484
Block: Shield            |    65 |    91 |    99 |   530 |   612 ||  1397
